 Dungeon Crawl Stone Soup version 0.31-a0-1603-gbec6b6ccbf (webtiles) character file.

Game seed: 4359068919921190841

155 pokeman the Magician (level 5, -8/29 HPs)
             Began as a Deep Elf Hedge Wizard on Jan 8, 2024.
             Mangled by a sleepcap (26 damage)
             ... on level 3 of the Dungeon.
             The game lasted 00:05:07 (3351 turns).

pokeman the Magician (Deep Elf Hedge Wizard)        Turns: 3351, Time: 00:05:08

Health: -8/29      AC:  6    Str:  7    XL:     5   Next: 14%
Magic:  13/15      EV:  2    Int: 21    God:
Gold:   184        SH:  0    Dex: 14    Spells: 8/16 levels left

rFire   . . .        o - +2 quarterstaff (chaos)
rCold   . . .        (shield currently unavailable)
rNeg    . . .        b - +0 robe
rPois   .            c - +0 hat
rElec   .            p - +2 cloak
rCorr   .            u - +0 pair of gloves
SInv    .            (no boots)
Will    .....        (no amulet)
Stlth   ++           (no ring)
HPRegen 0.24/turn    (no ring)
MPRegen 0.14/turn

%: no passive effects
@: sleeping
A: no striking features
a: no special abilities


You were on level 3 of the Dungeon.
You visited 1 branch of the dungeon, and saw 3 of its levels.

You collected 184 gold pieces.

Inventory:

Hand Weapons
 o - a +2 quarterstaff of chaos (weapon)
Armour
 b - a +0 robe (worn)
 c - a +0 hat (worn)
 p - a +2 cloak (worn)
 u - a +0 pair of gloves (worn)
Wands
 r - a wand of paralysis (6)
Scrolls
 a - a scroll of fear {unknown}
 g - a scroll of amnesia {unknown}
 h - 3 scrolls of identify {unknown}
 i - 3 scrolls of poison {unknown}
 j - a scroll of brand weapon {unknown}
 l - 2 scrolls of teleportation {unknown}
 m - a scroll of vulnerability {unknown}
 n - a scroll of enchant armour {unknown}
Potions
 d - a potion of magic
 e - a potion of mutation {unknown}
 f - a potion of curing {unknown}
 k - a potion of heal wounds {unknown}
 q - a potion of might {unknown}
 s - a potion of attraction {unknown}
 t - a potion of berserk rage {unknown}


   Skills:
 - Level 1.0 Fighting
 - Level 1.0 Armour
 - Level 3.0 Dodging
 - Level 3.0 Stealth
 * Level 6.1 Spellcasting
 + Level 2.5 Conjurations
 - Level 1.1 Summonings
 - Level 1.1 Translocations
 + Level 0.2 Air Magic
 + Level 0.3 Alchemy
 + Level 0.3 Evocations


You had 8 spell levels left.
You knew the following spells:

 Your Spells              Type           Power      Damage    Failure   Level
a - Magic Dart            Conj           64%        1d6       3%          1
b - Mephitic Cloud        Conj/Alch/Air  10%        N/A       19%         3
c - Call Imp              Summ           22%        N/A       10%         2
d - Blink                 Tloc           22%        N/A       10%         2

Your spell library contained the following spells:

 Spells                   Type           Power      Damage    Failure   Level
 Slow                     Hex            24%        N/A       10%         1
 Cigotuvi's Dreadful Rot  Necr/Alch/Air  14%        N/A       14%         2


Dungeon Overview and Level Annotations

Branches:
Dungeon (3/15)

Altars:
Nemelex Xobeh


Message History

The sleepcap is heavily damaged.
The sleepcap barely misses you.
Your cerulean imp hits the sleepcap with a -3 spear.
Unknown command.
You sock the sleepcap! You burn the sleepcap.
The sleepcap is almost destroyed.
Your cerulean imp hits the sleepcap but does no damage.
The sleepcap releases spores at your cerulean imp.
Your cerulean imp is engulfed in a cloud of soporific spores!
Unknown command.
You hit the sleepcap. You burn the sleepcap.
You destroy the sleepcap!
Your cerulean imp hits the sleepcap with a -3 spear.
You have reached level 5!
You hit the sleepcap. You burn the sleepcap.
The sleepcap is lightly damaged.
Your cerulean imp hits the sleepcap with a -3 spear.
The sleepcap barely misses you.
Your cerulean imp hits the sleepcap but does no damage.
The sleepcap releases spores at you.
Unknown command.
You hit the sleepcap.
The sleepcap seems to grow stronger.
The sleepcap is moderately damaged.
Your cerulean imp hits the sleepcap but does no damage.
The sleepcap misses you.
You hit the sleepcap but do no damage.
The sleepcap seems to speed up.
The sleepcap is moderately damaged.
The sleepcap releases spores at you but does no damage.
Your cerulean imp hits the sleepcap with a -3 spear.
The sleepcap barely misses you.
Unknown command.
You hit the sleepcap but do no damage.
The sleepcap is moderately damaged.
The sleepcap releases spores at you!
You are engulfed in a cloud of soporific spores!
You fall asleep.
Your cerulean imp hits the sleepcap with a -3 spear.
The sleepcap releases spores at you!!
Ouch! That really hurt!
You die...

## ##### ##...##
#######.....#
............####
.##.###.......†##
###.#
##...###..## #
#.# ##.## ##..#
###.# #.# ##.#
....# #.# ## #@#
##### #.###..#f#
###..f.5.#
[.....'.#
##....'.#
###..### ###


You could see a sleepcap (fast, strong, ally target) and a friendly cerulean imp
(summoned).

Vanquished Creatures
  Crazy Yiuf (D:2)
  Ijyb (D:3)
  A sleepcap (D:3)
  An adder (D:2)
  2 dart slugs (D:1)
  A ribbon worm (D:2)
  9 ball pythons
  6 endoplasms
  A giant cockroach (D:3)
  6 goblins
  6 hobgoblins
  2 jackals (D:3)
  4 quokkas
  A bat (D:1)
  2 frilled lizards
  7 kobolds
  7 rats
58 creatures vanquished.

Notes
Turn   | Place    | Note
-------+----------+-------------------------------------------
     0 | D:1      | pokeman the Deep Elf Hedge Wizard began the quest for the
                  | Orb.
     0 | D:1      | Reached XP level 1. HP: 10/10 MP: 7/7
   265 | D:1      | Reached XP level 2. HP: 15/15 MP: 2/9
  1088 | D:2      | Reached skill level 5 in Spellcasting
  1229 | D:2      | Reached XP level 3. HP: 20/20 MP: 8/11
  1236 | D:2      | Learned a level 3 spell: Mephitic Cloud
  1239 | D:2      | Learned a level 2 spell: Call Imp
  1242 | D:2      | Learned a level 2 spell: Blink
  1547 | D:2      | Found a runed translucent door.
  1548 | D:2      | Noticed Crazy Yiuf
  1578 | D:2      | Reached skill level 1 in Fighting
  1578 | D:2      | Reached skill level 1 in Armour
  2298 | D:2      | Found a faded altar of an unknown god.
  2382 | D:2      | Killed Crazy Yiuf
  2383 | D:2      | Reached XP level 4. HP: 25/25 MP: 1/13
  2634 | D:3      | Noticed Ijyb
  2647 | D:3      | Killed Ijyb
  2655 | D:3      | Found a sparkling altar of Nemelex Xobeh.
  3092 | D:3      | Reached skill level 6 in Spellcasting
  3338 | D:3      | Found the -2 hat of the Alchemist {rElec rPois rF+ rC+ rN+
                  | Will+ rMut rCorr}
  3348 | D:3      | Reached XP level 5. HP: 29/29 MP: 12/15
  3351 | D:3      | Mangled by a sleepcap

Illustrated notes

Levels and vault maps discovered:
D:1:      psy_arrival_spokes, layout_basic
D:2:      layout_basic, dilly_ecumenical_altar_fadedgnrine,
          minmay_misc_feat_ornament, minmay_hexomino_f4, uniq_crazy_yiuf_cottage
D:3:      layout_loops_corners, mainiacjoe_overflow_tiny_flanked,
          serial_bayou_ford_a, hellmonk_no_cap, uniq_ijyb

Skill      XL: |  1  2  3  4 |
---------------+-------------+-----
Spellcasting   | 5 6 |  6.1
Fighting       | 1 |  1.0
Armour         | 1 |  1.0
Conjurations   | 2 |  2.5
Stealth        | 3 |  3.0
Dodging        | 3 |  3.0
Summonings     | |  1.1
Translocations | |  1.1
Air Magic      | |  0.2
Alchemy        | |  0.3
Evocations     | |  0.3

Action                     |  1- 3 |  4- 6 || total
---------------------------+-------+-------++-------
  Melee: Dagger            |     9 |       ||     9
         Quarterstaff      |       |    29 ||    29
   Cast: Magic Dart        |   120 |    10 ||   130
         Mephitic Cloud    |     2 |     1 ||     3
         Call Imp          |     1 |     1 ||     2
   Stab: Confused          |     2 |     3 ||     5
         Sleeping          |       |     1 ||     1
 Armour: Robe              |     7 |    22 ||    29
  Dodge: Dodged            |    15 |    19 ||    34

Table legend: (Time is in decaauts)
 A = Elapsed time spent in this place.
 B = Non-inter-level travel time spent in this place.
 C = Inter-level travel time spent in this place.
 D = Time resting spent in this place.
 E = Time spent auto-exploring this place.
 F = Levels seen in this place.
 G = Mean time per level.
                   A        B        C        D        E       F      G
               +--------+--------+--------+--------+--------+-----+--------+
         Total |   3363 |   3277 |     86 |     86 |   2831 |   3 | 1121.0 |
       Dungeon |   3363 |   3277 |     86 |     86 |   2831 |   3 | 1121.0 |
               +--------+--------+--------+--------+--------+-----+--------+

Top non-repeatable levels by time:
     D:2: 1440 daAuts
     D:1: 1078 daAuts
     D:3: 845 daAuts
